cohdb
Replays
Latest Replays
All Replays
Popular Replays
Top Player Replays
Match Explorer
How It Works
Community
CoH3 Stats
Reddit
Sign in to upload your games and track your stats! →
Sign in with Steam
Match 45122113
Unlisted
Match 45122113
Overview
Messages
Build Orders
End
Panzergrenadier Squad
Panzergrenadier Squad
Selects Panzerjäger Kommand Battlegroup
Selects Mine Fields
250 Light Carrier
Construct Light Support Kompanie
Assault Grenadier Squad
Combat Half-tracks
2.5-tonne Medical Truck
Panzerjäger Mechanized Group
Selects Tank Busters
Construct Mechanized Kompanie
254 Reconnaissance Tractor
MG34 Team
Construct Panzerarmee Kommand
Selects Defensive Positions
Selects Butterfly Bomb Drop
Butterfly Bomb Drop
Armored Reserves
Panzerjäger Squad
Panzer IV Assault Group
Emergency Repair Kits
Butterfly Bomb Drop
Vehicle Survival Package
Butterfly Bomb Drop
Panzer IV Assault Group
Selects Crew Shock Tactics
Butterfly Bomb Drop
Butterfly Bomb Drop
Tiger Heavy Tank
Panzerpioneer Squad
Butterfly Bomb Drop
Walking Stuka Rocket Launcher
Tungsten Core Ammunition
Rapid Advance
Selects Elefant Tank Destroyer
Butterfly Bomb Drop
Panzer III L Medium Tank
Panzer IV Assault Group
Butterfly Bomb Drop
Butterfly Bomb Drop
Panzer III L Medium Tank
Butterfly Bomb Drop
[EC] tribecalledbrett
Agerjag
Ymihere
[EC] Comrade Sniper
PayPerPaper
Down to clown
finneranbilly
smiling_AcE ヅ
0
0
Comments
sign in to comment!
No comments posted yet!